AoeStats
← [Massa] Edo

Arena

504638945Analyzed
2v2 RM · 26d ago on Sep 6, 2026· 41m 57s· 4 players
Game mode
Random Map
Map size
Medium (4 player)
Population
200
Speed
Normal
Resources
Standard
Victory
Conquest
Starting age
Dark Age
Ending age
Imperial Age
RankedLock teamsTeams togetherTeam positionsShared explorationLock speedFull tech treeHidden civsTurbo modeCheats
Victory
Defeat
🇧🇷 Italians · Brazil
1485
+14
🇧🇷 Koreans · Brazil
1425
+17
🇨🇱 Jurchens · Chile
1464
-16
🇨🇱 Vietnamese · Chile
1426
-15
edo
8:58 Loom
10:44 Feudal Age
13:07 Fletching
18:24 Castle Age
17:30 Double-Bit Axe
17:53 Horse Collar
19:28 Bow Saw
26:35 Wheelbarrow
28:50 Stone Mining
28:51 Gold Mining
29:15 Heavy Plow
30:18 Stone Shaft Mining
30:37 Hand Cart
34:55 Imperial Age
33:12 Gold Shaft Mining
33:26 Scale Barding Armor
33:31 Forging
33:39 Bloodlines
33:32 Husbandry
34:32 Chain Barding Armor
34:07 Town Watch
35:36 Iron Casting
36:21 Plate Barding Armor
37:50 Elite Iron Pagoda
40:23 Ballistics
40:04 Padded Archer Armor
40:27 Conscription
40:22 Thunderclap Bombs
marcoAntonio
11:10 Feudal Age
15:18 Castle Age
14:02 Double-Bit Axe
13:59 Horse Collar
16:43 Fletching
17:59 Bodkin Arrow
21:05 Bow Saw
22:53 Loom
24:45 Wheelbarrow
26:09 Padded Archer Armor
26:13 Town Watch
31:33 Imperial Age
30:19 Hand Cart
30:07 Heavy Plow
29:58 Gold Mining
31:50 Leather Archer Armor
32:17 Bracer
33:23 Chemistry
32:30 Thumb Ring
33:02 Paper Money
33:49 Ring Archer Armor
33:23 Scale Mail Armor
34:38 Ballistics
33:41 Elite Rattan Archer
34:56 Squires
38:06 Hoardings
37:43 Elite Fire Lancer
38:41 Chain Mail Armor
38:37 Forging
42:04 Plate Mail Armor
42:09 Iron Casting
42:13 Fortified Wall
[Massa] Edo
9:59 Feudal Age
13:36 Castle Age
12:00 Double-Bit Axe
12:00 Horse Collar
14:39 Bow Saw
21:49 Wheelbarrow
21:20 Heavy Plow
21:19 Gold Mining
24:44 Loom
28:02 Imperial Age
27:14 Scale Barding Armor
27:11 Husbandry
27:41 Forging
27:44 Bloodlines
29:33 Conscription
30:16 Chain Barding Armor
31:56 Plate Barding Armor
31:00 Cavalier
33:34 Iron Casting
34:08 Ballistics
33:45 Murder Holes
35:39 Blast Furnace
35:29 Hand Cart
34:39 Light Cavalry
36:46 Chemistry
35:38 Fletching
37:06 Masonry
37:17 Shipwright
37:17 Bodkin Arrow
37:22 Padded Archer Armor
37:44 Stone Mining
38:10 Bracer
38:13 Padded Archer Armor
37:43 Hussar
40:03 Leather Archer Armor
40:47 Thumb Ring
40:03 Elite Skirmisher
tg
6:15 Loom
8:28 Feudal Age
9:13 Double-Bit Axe
9:38 Horse Collar
13:56 Fletching
18:21 Gold Mining
23:24 Castle Age
25:28 Bow Saw
25:19 Heavy Plow
25:58 Gold Shaft Mining
25:14 Stone Mining
28:02 Wheelbarrow
30:02 Hand Cart
33:56 Imperial Age
31:31 Scale Mail Armor
32:50 Chain Mail Armor
33:01 Ballistics
33:13 Squires
34:28 Masonry
33:59 Treadmill Crane
34:40 Bodkin Arrow
35:16 Plate Mail Armor
35:53 Chemistry
36:22 Two-Man Saw
35:10 Elite Fire Lancer
36:09 Eupseong
36:47 Eupseong
36:51 Bracer
39:29 Forging
39:41 Town Watch
Connection lost

Rejoining the realm…

Still unreachable

The connection could not be restored.

Session expired

The server has moved on; the page needs a fresh start.